[Event "Titled Tuesday Blitz December 20 Early 2022"]
[White "Emily_Dawn"]
[Black "WiktoriaPOL"]
[WhiteElo "1878"]
[BlackElo "2241"]
[Result "1-0"]
[Round "04"]
[TimeControl "180+2"]
[Date "2022.12.20"]
[WhiteClock "0:01:37"]
[BlackClock "0:00:38"]

1. d4 Nf6 2. c4 g6 3. Nc3 Bg7 4. e4 d6 5. Nge2 O-O 6. Ng3 e5 7. d5 a5 8. Be2 Na6 9. h4 h5 10. Bg5 Nc5 11. Bxh5 gxh5 12. Nxh5 Ncd7 13. Qf3 Kh8 14. Ne2 Nc5 15. Nxf6 Nd3+ 16. Kf1 Bxf6 17. Bxf6+ 1-0


[Site "https://www.chess.com"]

[Event "Titled Tuesday Blitz December 20 Early 2022"]
[White "Etoilegeniale"]
[Black "Imperial, Genghis"]
[BlackFideId "5230403"]
[WhiteElo "2593"]
[BlackElo "1812"]
[Result "1/2-1/2"]
[Round "04"]
[TimeControl "180+2"]
[Date "2022.12.20"]
[WhiteClock "0:00:13"]
[BlackClock "0:01:18"]

1. d4 Nf6 2. Nf3 g6 3. Bf4 Bg7 4. e3 O-O 5. Be2 d6 6. O-O Nc6 7. h3 e5 8. Bh2 exd4 9. exd4 Bf5 10. c3 Re8 11. Nbd2 Qd7 12. Re1 Re7 13. Bf1 Rae8 14. Rxe7 Rxe7 15. Qb3 Qc8 16. Re1 Rxe1 17. Nxe1 Be6 18. Qc2 a6 19. Nef3 b5 20. a4 Qb7 21. Bf4 Nd5 22. Bg3 h6 23. axb5 axb5 24. Qd3 Na7 25. Be2 Nb6 26. Ne1 Bf5 27. Qe3 Na4 28. b3 Nb6 29. Qe8+ Bf8 30. Bf3 Qc8 31. Qe3 c5 32. d5 Qd8 33. c4 bxc4 34. bxc4 Nac8 35. Qe2 Na4 36. Ne4 Ncb6 37. Qc2 Bg7 38. Nd3 Bxe4 39. Bxe4 Nc3 40. Bf3 Nxc4 41. Nf4 Nb6 42. Nxg6 fxg6 43. Qxg6 Nc4 44. Bg4 Ne5 45. Be6+ Kh8 46. Bxe5 dxe5 47. Bf5 Kg8 48. Be6+ Kh8 49. Bf5 Kg8 50. Be6+ Kh8 1/2-1/2


[Site "https://www.chess.com"]

[Event "Titled Tuesday Blitz December 20 Early 2022"]
[White "FairChess_on_YouTube"]
[Black "SlipperySpeedster"]
[WhiteElo "3072"]
[BlackElo "2551"]
[Result "1-0"]
[Round "04"]
[TimeControl "180+2"]
[Date "2022.12.20"]
[WhiteClock "0:00:05"]
[BlackClock "0:00:03"]

1. e4 e5 2. Nf3 Nf6 3. Nxe5 d6 4. Nxf7 Kxf7 5. d4 Be7 6. Nc3 Re8 7. Bc4+ Be6 8. Bxe6+ Kxe6 9. f4 Kf7 10. e5 dxe5 11. fxe5 Kg8 12. O-O Nd5 13. Qg4 Nxc3 14. bxc3 Bf8 15. Rb1 b6 16. Bh6 Qd7 17. e6 Rxe6 18. Rxf8+ Kxf8 19. Bxg7+ Ke8 20. Rf1 Nc6 21. Rf8+ Ke7 22. Qg5+ Kd6 23. Rxa8 Qf7 24. h3 Rg6 25. Be5+ Kd7 26. Qf4 Qd5 27. Qf5+ Re6 28. Qxh7+ Ne7 29. Rxa7 Rc6 30. Rxc7+ Rxc7 31. Bxc7 Qe6 32. Be5 Qc4 33. Bf6 Qe6 34. Qxe7+ Qxe7 35. Bxe7 1-0


[Site "https://www.chess.com"]

[Event "Titled Tuesday Blitz December 20 Early 2022"]
[White "Felix-Rose"]
[Black "Chesstrainer1"]
[WhiteElo "2299"]
[BlackElo "2467"]
[Result "0-1"]
[Round "04"]
[TimeControl "180+2"]
[Date "2022.12.20"]
[WhiteClock "0:00:28"]
[BlackClock "0:00:20"]

1. e4 c5 2. Nf3 e6 3. d4 cxd4 4. Nxd4 Nf6 5. Nc3 Nc6 6. Ndb5 d6 7. Bf4 e5 8. Bg5 a6 9. Na3 b5 10. Nd5 Be7 11. Bxf6 Bxf6 12. c3 Rb8 13. Be2 Bg5 14. O-O O-O 15. Nc2 a5 16. a3 Kh8 17. b4 f5 18. exf5 Bxf5 19. Bg4 Bg6 20. Nce3 Ne7 21. Nxe7 Qxe7 22. Nd5 Qa7 23. Qe2 Bh4 24. g3 Bg5 25. Kg2 Be8 26. Bf3 Bc6 27. Be4 Qb7 28. Rad1 axb4 29. axb4 Rf7 30. Qh5 Bh6 31. Rd3 Ra8 32. Re1 Ra2 33. Re2 g6 34. Qg4 Bd7 35. Nf6 Bxg4 36. Rxa2 Qc8 37. Nxg4 Qxg4 38. Bd5 Rf8 39. Ra7 e4 40. Rd4 Qf3+ 41. Kh3 Bg7 42. Rxe4 Qf5+ 43. Kg2 Qxd5 44. f3 Qd3 45. Kh3 Qxf3 46. Ree7 Qh5+ 47. Kg2 Qf3+ 48. Kh3 Qf5+ 49. Kg2 Qf6 50. Red7 Qxc3 51. Rxd6 Qc2+ 52. Kh3 Qf5+ 53. Kg2 Qe4+ 54. Kh3 Bf6 55. Rdd7 Qe6+ 56. Kg2 Rc8 57. Rxh7+ Kg8 58. Rhd7 Rc2+ 59. Kf3 Qf5+ 60. Ke3 Bg5+ 61. Kd4 Rd2+ 62. Kc3 Rxd7 63. Ra8+ Kf7 64. g4 Rd3+ 65. Kc2 Rd2+ 66. Kc1 Qf1# 0-1


[Site "https://www.chess.com"]

[Event "Titled Tuesday Blitz December 20 Early 2022"]
[White "Fera, Aryanti"]
[Black "NodariousBIG"]
[WhiteFideId "7118988"]
[WhiteElo "1770"]
[BlackElo "2823"]
[Result "1-0"]
[Round "04"]
[TimeControl "180+2"]
[Date "2022.12.20"]
[WhiteClock "0:01:06"]
[BlackClock "0:00:54"]

1. e4 e5 2. Nf3 Nf6 3. Nc3 Nc6 4. a3 d6 5. Bc4 h6 6. d3 g5 7. Nd2 Bg7 8. Nf1 Nd4 9. Ne3 c6 10. O-O O-O 11. Ba2 b5 12. Ne2 a5 13. Ng3 Be6 14. c3 Bxa2 15. Rxa2 Ne6 16. Nef5 d5 17. Qf3 d4 18. Nxg7 Kxg7 19. Nf5+ Kg6 20. h4 dxc3 21. bxc3 Nf4 22. d4 exd4 23. Bxf4 gxf4 24. Qxf4 Ng8 25. Qg3+ Kf6 26. cxd4 Re8 27. Qg7+ Ke6 28. Qe5+ Kd7 29. Qd6+ 1-0


[Site "https://www.chess.com"]

[Event "Titled Tuesday Blitz December 20 Early 2022"]
[White "Flawless_Fighter"]
[Black "Linhart, Wolfgang"]
[BlackFideId "4636244"]
[WhiteElo "2622"]
[BlackElo "2114"]
[Result "1-0"]
[Round "04"]
[TimeControl "180+2"]
[Date "2022.12.20"]
[WhiteClock "0:00:04"]
[BlackClock "0:00:02"]

1. d4 Nf6 2. Nf3 g6 3. Nfd2 d5 4. g3 Bg7 5. Bg2 O-O 6. O-O b6 7. c4 e6 8. Nc3 Bb7 9. cxd5 exd5 10. Nc4 Nbd7 11. Bf4 Re8 12. Rc1 c5 13. Nd6 Ba6 14. Nxe8 Qxe8 15. dxc5 Nxc5 16. Re1 Rd8 17. Bg5 Bb7 18. e3 Qe6 19. b4 Ncd7 20. Nxd5 Bxd5 21. Bxd5 Qe5 22. Bxf6 Qxf6 23. Bc6 Ne5 24. Qc2 Rc8 25. b5 Nf3+ 26. Kg2 Nxe1+ 27. Rxe1 Qc3 28. Rc1 Qxc2 29. Rxc2 Be5 30. Rd2 Kg7 31. Rd7 Rc7 32. Rd5 Bc3 33. a4 Bb4 34. f4 Bc5 35. Kf3 Re7 36. Rd3 f5 37. e4 fxe4+ 38. Bxe4 Kf6 39. Bc6 h5 40. Rc3 Kg7 41. Rb3 Kf6 42. Rd3 Kg7 43. Be4 Kf6 44. Rb3 Kg7 45. Rd3 Kf6 46. h3 Rc7 47. Rd5 Bb4 48. Bd3 Rc3 49. Ke4 Rc7 50. g4 Bc5 51. Rg5 Re7+ 52. Kd5 Rd7+ 53. Kc4 Rd4+ 54. Kc3 Rxf4 55. Rxg6+ Ke5 56. Rg5+ Ke6 57. Rxh5 Bb4+ 58. Kb3 Bc5 59. Bc4+ Kf6 60. Rh6+ Kg5 61. Rh5+ Kg6 62. Bd3+ Kg7 63. g5 Rb4+ 64. Kc3 Rxa4 65. Rh7+ Kg8 66. g6 Ra3+ 67. Kc2 Ra2+ 68. Kb3 Rg2 69. Bc4+ Kf8 70. Rf7+ Ke8 71. Bd3 Bd4 72. Rxa7 1-0


[Site "https://www.chess.com"]

[Event "Titled Tuesday Blitz December 20 Early 2022"]
[White "Garma, Chito"]
[Black "Talcrifice"]
[WhiteFideId "5200342"]
[WhiteElo "2345"]
[BlackElo "2621"]
[Result "1-0"]
[Round "04"]
[TimeControl "180+2"]
[Date "2022.12.20"]
[WhiteClock "0:01:17"]
[BlackClock "0:00:11"]

1. Nf3 d5 2. e3 Nf6 3. c4 e6 4. b3 Be7 5. Bb2 O-O 6. Nc3 b6 7. cxd5 exd5 8. Rc1 Bb7 9. d4 a6 10. g3 Bd6 11. Bg2 Nbd7 12. O-O Re8 13. Re1 c5 14. dxc5 bxc5 15. Nh4 Nb6 16. a4 a5 17. Nb5 Bf8 18. Bxf6 Qxf6 19. Nc7 Qc6 20. Nxe8 Rxe8 21. Qd2 Ra8 22. Red1 g6 23. Nf3 Qd6 24. Ne1 Qc7 25. Nd3 c4 26. bxc4 dxc4 27. Bxb7 Qxb7 28. Nf4 Qc6 29. Nd5 Nxa4 30. Qd4 c3 31. Nxc3 Nxc3 32. Rxc3 Qb7 33. Qd5 Qxd5 34. Rxd5 a4 35. Rc2 a3 36. Ra2 Rb8 37. Rd3 h5 38. h4 Kg7 39. Kg2 Rb5 40. Rd7 Kg8 41. Ra7 Kg7 42. Rc2 Rf5 43. Rcc7 Bb4 44. e4 Rf6 45. e5 Rf5 46. e6 Bc5 47. e7 Rxf2+ 48. Kh3 Bxa7 49. e8=Q Bd4 50. Rc8 Kh6 51. Rd8 Bg7 52. Qe3+ 1-0


[Site "https://www.chess.com"]

[Event "Titled Tuesday Blitz December 20 Early 2022"]
[White "Gennady_Kozlov"]
[Black "Kopylov_Alex"]
[WhiteElo "2574"]
[BlackElo "2790"]
[Result "0-1"]
[Round "04"]
[TimeControl "180+2"]
[Date "2022.12.20"]
[WhiteClock "0:01:05"]
[BlackClock "0:00:44"]

1. b3 b6 2. Bb2 Bb7 3. e3 Nf6 4. f4 g6 5. Nf3 Bg7 6. Be2 d6 7. O-O Nbd7 8. a4 a6 9. Na3 e6 10. Rb1 Qe7 11. d3 e5 12. fxe5 Nxe5 13. Nxe5 dxe5 14. Nc4 Nd5 15. Bf3 O-O-O 16. Bxd5 Bxd5 17. Qe2 f5 18. e4 fxe4 19. dxe4 Qc5+ 20. Kh1 Bxc4 21. bxc4 Bh6 22. Bc3 Rhf8 23. a5 Rxf1+ 24. Rxf1 Be3 25. Qg4+ Kb8 26. Qe6 Bd4 27. Bd2 Kb7 28. axb6 Qxb6 29. Qf7 Qc6 30. Bg5 Rd7 31. Qe8 Rd6 32. Rb1+ Bb6 33. Qxe5 Re6 34. Qa5 Rxe4 35. c5 Re2 0-1


[Site "https://www.chess.com"]

[Event "Titled Tuesday Blitz December 20 Early 2022"]
[White "GiorgianBarbosa"]
[Black "Tsyhanchuk_Stanislav"]
[WhiteElo "2484"]
[BlackElo "2335"]
[Result "1-0"]
[Round "04"]
[TimeControl "180+2"]
[Date "2022.12.20"]
[WhiteClock "0:00:03"]
[BlackClock "0:00:30"]

1. d4 d5 2. c4 c6 3. Nc3 Nf6 4. Bf4 a6 5. e3 Bf5 6. cxd5 Nxd5 7. Nf3 Nxc3 8. bxc3 e6 9. Bd3 Bxd3 10. Qxd3 Nd7 11. O-O Be7 12. c4 O-O 13. Rab1 b5 14. c5 Nxc5 15. Qc2 Na4 16. Qxc6 Qa5 17. Rfc1 h6 18. Bc7 Nb6 19. Qxb6 Qxa2 20. Bd6 Bxd6 21. Qxd6 Rac8 22. g3 Rfd8 23. Qe7 Re8 24. Qb4 Qe2 25. Kg2 Qd3 26. Ra1 Qe4 27. Rxc8 Rxc8 28. Rxa6 g5 29. h3 h5 30. Qxb5 g4 31. Qg5+ Kf8 32. Qh6+ Ke7 33. Ra7+ Kd6 34. Qf4+ Qxf4 35. gxf4 gxf3+ 36. Kxf3 f5 37. Rh7 Rc1 38. Rxh5 Ke7 39. Rh8 Kf6 40. h4 Rh1 41. h5 Rh3+ 42. Ke2 Rh2 43. h6 Kf7 44. h7 Rh1 45. Ra8 Rxh7 46. Ra7+ Kg6 47. Rxh7 Kxh7 48. Kd3 Kg6 49. Kc4 Kf6 50. Kc5 Ke7 51. Kc6 Ke8 52. Kd6 Kf7 53. Kd7 Kf6 54. Ke8 e5 55. dxe5+ Ke6 56. Kf8 Kd5 57. Kg7 Ke6 58. Kg6 Ke7 59. Kxf5 Kf7 60. e6+ Ke7 61. Ke5 Ke8 62. f5 Kf8 63. f6 Ke8 64. f4 Kf8 65. f5 Ke8 66. Kd6 Kf8 67. e7+ Ke8 68. Kc7 Kf7 69. Kd8 Kg8 70. e8=Q+ Kh7 71. Qg6+ Kh8 72. Qg5 Kh7 73. e4 Kh8 74. e5 Kh7 75. e6 Kh8 76. e7 Kh7 77. Kd7 Kh8 78. e8=Q+ Kh7 79. Qf7+ Kh8 80. Qh6# 1-0


[Site "https://www.chess.com"]

[Event "Titled Tuesday Blitz December 20 Early 2022"]
[White "Giorno, Sven"]
[Black "Rakesh, Kumar Jena"]
[WhiteFideId "20645082"]
[BlackFideId "5084822"]
[WhiteElo "2517"]
[BlackElo "2303"]
[Result "1/2-1/2"]
[Round "04"]
[TimeControl "180+2"]
[Date "2022.12.20"]
[WhiteClock "0:00:10"]
[BlackClock "0:00:11"]

1. d4 Nf6 2. c4 e6 3. Nf3 b6 4. g3 Bb7 5. Bg2 Be7 6. O-O Ne4 7. Qc2 O-O 8. Ne1 f5 9. Nc3 d5 10. cxd5 exd5 11. Nd3 Nd7 12. h4 Rc8 13. Qb3 c5 14. dxc5 Ndxc5 15. Nxc5 Bxc5 16. Nxe4 fxe4 17. Bxe4 Qd6 18. Kg2 Rce8 19. Bf3 Kh8 20. Rd1 Rxe2 21. Rf1 Re7 22. Bf4 Rxf4 23. gxf4 Qxf4 24. Rfe1 Qxh4 25. Rxe7 Qxf2+ 26. Kh1 Qh4+ 27. Kg2 Qg5+ 28. Kh1 Qxe7 29. Qa4 h6 30. Qg4 d4 31. Rf1 Bxf3+ 32. Rxf3 Qe1+ 33. Kg2 Qe2+ 34. Kh3 Qe5 35. Qc8+ Kh7 36. Qf5+ Qxf5+ 37. Rxf5 Kg6 38. Rd5 a5 39. a3 Kf6 40. b4 axb4 41. axb4 Bxb4 42. Rxd4 Bc5 43. Rd8 Ke5 44. Kg4 g5 45. Rh8 b5 46. Rxh6 b4 47. Rg6 b3 48. Rxg5+ Kd4 49. Rf5 b2 50. Rf1 Kc3 51. Rb1 Kc2 52. Rxb2+ Kxb2 1/2-1/2


[Site "https://www.chess.com"]

[Event "Titled Tuesday Blitz December 20 Early 2022"]
[White "Gnechko_Ruslan"]
[Black "Michelin, Badi"]
[BlackFideId "26032708"]
[WhiteElo "2448"]
[BlackElo "1762"]
[Result "1-0"]
[Round "04"]
[TimeControl "180+2"]
[Date "2022.12.20"]
[WhiteClock "0:00:03"]
[BlackClock "0:00:05"]

1. e4 c5 2. Nf3 Nc6 3. d4 cxd4 4. Nxd4 Nf6 5. Nc3 e6 6. Nxc6 bxc6 7. Bd3 e5 8. O-O Be7 9. f4 exf4 10. e5 Nd5 11. Nxd5 cxd5 12. Qh5 g6 13. Qh6 Qb6+ 14. Kh1 Ba6 15. Bxa6 Qxa6 16. Bxf4 Rc8 17. Qg7 Rf8 18. c3 h5 19. Bh6 Rb8 20. Rf6 Qe2 21. b3 Qxe5 22. Raf1 Qxc3 23. Rb6 Qc7 24. Re1 Kd8 25. Rxb8+ Qxb8 26. Qd4 Qb4 27. Qe5 Rg8 28. Bd2 Qxd2 29. Qb8# 1-0


[Site "https://www.chess.com"]

[Event "Titled Tuesday Blitz December 20 Early 2022"]
[White "GoltsevDmitry2000"]
[Black "Bensenousi, Isk"]
[BlackFideId "4206010"]
[WhiteElo "2739"]
[BlackElo "2041"]
[Result "1/2-1/2"]
[Round "04"]
[TimeControl "180+2"]
[Date "2022.12.20"]
[WhiteClock "0:00:05"]
[BlackClock "0:00:05"]

1. e4 e5 2. Nf3 Nc6 3. Bb5 a6 4. Ba4 Nf6 5. O-O Be7 6. Re1 b5 7. Bb3 d6 8. c3 O-O 9. h3 Nb8 10. d4 Nbd7 11. Nbd2 Bb7 12. Qe2 Re8 13. Ng5 Rf8 14. a4 c6 15. Nf1 h6 16. Nf3 Re8 17. Nh4 Bf8 18. Ng3 d5 19. dxe5 Nxe4 20. Nxe4 Qxh4 21. Ng3 Rxe5 22. Be3 Bc5 23. Qf3 Rae8 24. axb5 cxb5 25. Rad1 Bxe3 26. fxe3 Qg5 27. e4 Nf6 28. Qe3 Nxe4 29. Qxg5 hxg5 30. Nxe4 Rxe4 31. Rxe4 Rxe4 32. Bxd5 Bxd5 33. Rxd5 Re2 34. b4 Rc2 35. Rc5 f6 36. Rc6 Kf7 37. Rxa6 Rxc3 38. Rb6 Rb3 39. Rxb5 Rb2 40. Rb7+ Kg6 41. b5 Kf5 42. Kh2 Kf4 43. b6 f5 44. Rb8 Rb1 45. b7 Rb2 46. Ra8 Rxb7 47. Ra4+ Ke5 48. Ra5+ Kf6 49. Ra6+ Kf7 50. Ra5 Kg6 51. Ra6+ Kh7 52. Ra5 g6 53. Ra6 Kg7 54. Rc6 Rd7 55. Rb6 Kf7 56. Rc6 Re7 57. Kg3 Re6 58. Rc5 Kf6 59. Rc8 Re3+ 60. Kf2 Re7 61. Rf8+ Ke5 62. Ra8 Rd7 63. Ra6 Rd5 64. Rxg6 Kf4 65. g3+ Ke4 66. Rxg5 Rd2+ 67. Ke1 Rh2 68. h4 Kf3 69. h5 f4 70. g4 Kg3 71. Ra5 f3 72. g5 Rh1+ 73. Kd2 Rxh5 74. Rf5 Kg4 75. Rf8 Rh2+ 76. Ke3 Re2+ 77. Kd3 Re6 78. Rf6 Re7 79. g6 Rg7 80. Ke3 Kg5 81. Rxf3 Rxg6 82. Rg3+ Kh6 83. Rxg6+ Kxg6 1/2-1/2


[Site "https://www.chess.com"]

[Event "Titled Tuesday Blitz December 20 Early 2022"]
[White "Goryachkina, Aleksandra"]
[Black "Prasad, M.V.S"]
[WhiteFideId "4147103"]
[BlackFideId "5018790"]
[WhiteElo "2571"]
[BlackElo "1945"]
[Result "1-0"]
[Round "04"]
[TimeControl "180+2"]
[Date "2022.12.20"]
[WhiteClock "0:01:00"]
[BlackClock "0:00:03"]

1. Nf3 Nc6 2. g3 d5 3. d4 Nf6 4. Bg2 e6 5. O-O Be7 6. b3 O-O 7. c4 b6 8. Bb2 Bb7 9. Nbd2 Rc8 10. Rc1 Na5 11. Ne5 c5 12. dxc5 Bxc5 13. Nd3 Be7 14. cxd5 Bxd5 15. Rxc8 Qxc8 16. Bxf6 Bxf6 17. Bxd5 exd5 18. Nf3 Qc3 19. Nf4 Qb2 20. Nxd5 Qxa2 21. Nxf6+ gxf6 22. Nd4 Rd8 23. e3 f5 24. Qh5 Rxd4 25. exd4 Qxb3 26. Re1 f6 27. Re8+ Kg7 28. Re7+ Kf8 29. Qe8# 1-0


[Site "https://www.chess.com"]

[Event "Titled Tuesday Blitz December 20 Early 2022"]
[White "Groz, Jacky"]
[Black "Willychess95"]
[WhiteFideId "626643"]
[WhiteElo "2052"]
[BlackElo "2661"]
[Result "0-1"]
[Round "04"]
[TimeControl "180+2"]
[Date "2022.12.20"]
[WhiteClock "0:00:50"]
[BlackClock "0:00:39"]

1. e4 c5 2. Nc3 Nc6 3. Nf3 e5 4. Bc4 d6 5. d3 Be7 6. h3 Be6 7. O-O Nf6 8. a3 O-O 9. Nd5 h6 10. c3 Bxd5 11. Bxd5 Nxd5 12. exd5 Nb8 13. d4 cxd4 14. cxd4 e4 15. Nd2 f5 16. Nc4 Nd7 17. Bf4 Nb6 18. Ne3 g5 19. Bh2 Qe8 20. f3 f4 21. Ng4 e3 22. Nxh6+ Kg7 23. Ng4 Qb5 24. Re1 Rac8 25. a4 Qxd5 26. a5 Nc4 27. b3 Nd2 28. Kh1 Qxb3 29. Qxb3 Nxb3 30. Rab1 Rc3 31. Nf2 d5 32. Nd1 Rfc8 33. Nxc3 Rxc3 34. g3 Bd6 35. h4 fxg3 36. Bg1 Bf4 37. hxg5 Kg6 38. Rb2 Kxg5 39. Rbe2 Nxd4 40. Rxe3 Rc2 41. Rd3 g2# 0-1


[Site "https://www.chess.com"]

[Event "Titled Tuesday Blitz December 20 Early 2022"]
[White "Guliev, Logman"]
[Black "Sokolov, Ivan"]
[WhiteFideId "13400061"]
[BlackFideId "14400030"]
[WhiteElo "2250"]
[BlackElo "2590"]
[Result "1/2-1/2"]
[Round "04"]
[TimeControl "180+2"]
[Date "2022.12.20"]
[WhiteClock "0:01:39"]
[BlackClock "0:00:43"]

1. e4 d6 2. d4 Nf6 3. Nc3 g6 4. f4 Bg7 5. Nf3 O-O 6. Bd3 Nc6 7. O-O e5 8. fxe5 dxe5 9. d5 Nd4 10. Nxe5 Qe7 11. Nf3 Bg4 12. Be3 Nxf3+ 13. gxf3 Bh3 14. Re1 Nh5 15. Qd2 Be5 16. f4 Qh4 17. fxe5 Qg4+ 18. Kh1 Qf3+ 19. Kg1 Qg4+ 20. Kh1 Qf3+ 21. Kg1 Qg4+ 1/2-1/2


[Site "https://www.chess.com"]

[Event "Titled Tuesday Blitz December 20 Early 2022"]
[White "HackingKid98"]
[Black "AlmasChampion1"]
[WhiteElo "2488"]
[BlackElo "2747"]
[Result "0-1"]
[Round "04"]
[TimeControl "180+2"]
[Date "2022.12.20"]
[WhiteClock "0:01:29"]
[BlackClock "0:01:28"]

1. d4 Nf6 2. Nf3 g6 3. g3 Bg7 4. Bg2 O-O 5. O-O d6 6. c4 Nbd7 7. Qc2 e5 8. Rd1 Qe7 9. Nc3 Re8 10. dxe5 dxe5 11. Nd5 Nxd5 12. cxd5 e4 13. Nd4 Nb6 14. Nb5 Bf5 15. Qxc7 Qb4 16. Nd6 Be5 17. Bf4 Bxd6 18. Qxd6 Qxb2 19. Rab1 Qxe2 20. Qf6 e3 21. Bh6 exf2+ 22. Kh1 Qxd1+ 23. Rxd1 Re1+ 24. Bf1 Be4+ 0-1


[Site "https://www.chess.com"]

[Event "Titled Tuesday Blitz December 20 Early 2022"]
[White "Harkness, Bryan"]
[Black "Najdoski, Toni"]
[WhiteFideId "444227"]
[BlackFideId "15001334"]
[WhiteElo "1935"]
[BlackElo "2598"]
[Result "0-1"]
[Round "04"]
[TimeControl "180+2"]
[Date "2022.12.20"]
[WhiteClock "0:00:05"]
[BlackClock "0:00:55"]

1. e4 c5 2. Nf3 e6 3. c3 d5 4. e5 Nc6 5. d4 Nh6 6. Bd3 Bd7 7. O-O Qb6 8. dxc5 Bxc5 9. b4 Be7 10. a3 Nf5 11. Bxf5 exf5 12. Qxd5 Be6 13. Qd3 Rd8 14. Qe2 Qc7 15. Bb2 g5 16. Re1 f4 17. Nbd2 g4 18. Nd4 Nxd4 19. cxd4 f3 20. Qe3 Rg8 21. Rac1 Qb6 22. Ne4 a5 23. Nf6+ Bxf6 24. exf6 axb4 25. axb4 Qxb4 26. d5 Rxd5 27. Rc8+ Rd8 28. Rxd8+ Kxd8 29. Ba3 Qb3 30. Be7+ Ke8 31. Qc5 Qc4 32. Qb6 Qc8 33. Rd1 Bd7 0-1


[Site "https://www.chess.com"]

[Event "Titled Tuesday Blitz December 20 Early 2022"]
[White "Harry_Rakkel"]
[Black "newyorkmouse"]
[WhiteElo "2611"]
[BlackElo "2457"]
[Result "0-1"]
[Round "04"]
[TimeControl "180+2"]
[Date "2022.12.20"]
[WhiteClock "0:00:02"]
[BlackClock "0:00:08"]

1. e4 c5 2. Nf3 d6 3. d4 cxd4 4. Nxd4 Nf6 5. Nc3 a6 6. g3 e6 7. Bg2 Be7 8. O-O O-O 9. a4 Bd7 10. Be3 Nc6 11. Qe2 Qc7 12. Nb3 Rac8 13. g4 Ne5 14. g5 Ne8 15. f4 Nc4 16. Bc1 b5 17. axb5 axb5 18. f5 b4 19. Nd1 Ne5 20. Nd4 Qc5 21. Be3 Bxg5 22. Bxg5 Qxd4+ 23. Kh1 f6 24. Be3 Qc4 25. Qh5 Qxc2 26. Ra7 Rc7 27. Rg1 Rxa7 28. Bxa7 exf5 29. Ne3 Qxb2 30. Nxf5 Bxf5 31. exf5 Nd3 32. Qf3 Ne5 33. Qd5+ Kh8 34. Qe6 Ng4 35. Qe7 Rg8 36. h3 Qe5 0-1


[Site "https://www.chess.com"]

[Event "Titled Tuesday Blitz December 20 Early 2022"]
[White "Harsha_Bharathakoti"]
[Black "ProfessorChess101"]
[WhiteElo "2867"]
[BlackElo "2662"]
[Result "1-0"]
[Round "04"]
[TimeControl "180+2"]
[Date "2022.12.20"]
[WhiteClock "0:00:18"]
[BlackClock "0:00:09"]

1. b3 d5 2. Bb2 Nf6 3. Nf3 Bg4 4. e3 Nbd7 5. h3 Bh5 6. g4 Bg6 7. Nh4 c6 8. d3 e5 9. Nd2 Bd6 10. Bg2 Qe7 11. a3 a5 12. Qe2 Nc5 13. Kf1 Ne6 14. Ndf3 Nc5 15. Nd2 Nfd7 16. Nxg6 hxg6 17. c4 Nf6 18. g5 Nh5 19. cxd5 cxd5 20. Bxd5 Qxg5 21. b4 axb4 22. axb4 Rxa1+ 23. Bxa1 Qf5 24. Bf3 Nxd3 25. e4 Qd7 26. Qxd3 Nf4 27. Qb3 Rxh3 28. Rxh3 Qxh3+ 29. Ke1 Qh2 30. Qc4 Qh3 31. Qb5+ Qd7 32. Qxd7+ Kxd7 33. b5 Nd3+ 34. Ke2 Nf4+ 35. Kf1 f6 36. Nc4 Bc5 37. Bc3 Nd3 38. Ke2 Nxf2 39. Be1 Nh3 40. Bg4+ f5 41. Bxh3 Ke6 42. Bf2 Bd4 43. Bxd4 exd4 44. Kd3 Ke7 45. Kxd4 fxe4 46. Kxe4 Kd8 47. Kd5 Kc7 48. Kc5 g5 49. b6+ Kb8 50. Bg4 g6 51. Kd6 Ka8 52. Ke6 Kb8 53. Kf6 Ka8 54. Kxg6 Kb8 55. Kxg5 Ka8 56. Kf6 Kb8 57. Ke6 Ka8 58. Kd6 Kb8 59. Na5 Ka8 60. Nc6 bxc6 61. Kc7 c5 62. Bf3# 1-0


[Site "https://www.chess.com"]

[Event "Titled Tuesday Blitz December 20 Early 2022"]
[White "Hsu, Li Yang"]
[Black "Mosti, Alain"]
[WhiteFideId "5800080"]
[BlackFideId "20606451"]
[WhiteElo "2427"]
[BlackElo "1655"]
[Result "1-0"]
[Round "04"]
[TimeControl "180+2"]
[Date "2022.12.20"]
[WhiteClock "0:00:43"]
[BlackClock "0:00:31"]

1. Nf3 e6 2. g3 b6 3. Bg2 Bb7 4. O-O Nf6 5. d4 g6 6. c4 Bg7 7. Nc3 Ne4 8. Bd2 O-O 9. Qc2 Nxd2 10. Qxd2 d6 11. Rfd1 a5 12. Rac1 Nd7 13. h4 h6 14. e3 Qe7 15. Ne1 Bxg2 16. Kxg2 f5 17. Nf3 Nf6 18. Qc2 Ng4 19. Ne2 e5 20. c5 g5 21. hxg5 hxg5 22. cxd6 cxd6 23. Qc7 Qf6 24. Qc4+ Rf7 25. Qd5 Rf8 26. dxe5 Nxe5 27. Nxe5 Qxe5 28. Qxe5 Bxe5 29. Rc6 f4 30. exf4 gxf4 31. Nxf4 Bxf4 32. gxf4 Rxf4 33. Rd2 Rg4+ 34. Kf1 Rb4 35. Rcxd6 Rff4 36. Rd7 Rf7 37. Rxf7 Kxf7 38. Ke2 Kf6 39. Rc2 Ke5 40. Ke3 Re4+ 41. Kf3 Rf4+ 42. Kg3 Rf6 43. Rc4 Kd5 44. Rh4 Rc6 45. f4 Ke4 46. Rh5 Rg6+ 47. Rg5 Rxg5+ 48. fxg5 Kf5 49. Kh4 Kg6 50. a4 Kg7 51. Kh5 Kh7 52. g6+ Kg7 53. Kg5 1-0


[Site "https://www.chess.com"]

[Event "Titled Tuesday Blitz December 20 Early 2022"]
[White "Huda, Maryana"]
[Black "Aslanov_Umid"]
[WhiteFideId "14116553"]
[WhiteElo "2160"]
[BlackElo "2425"]
[Result "0-1"]
[Round "04"]
[TimeControl "180+2"]
[Date "2022.12.20"]
[WhiteClock "0:00:15"]
[BlackClock "0:00:20"]

1. d4 d5 2. c4 e6 3. Nf3 Nf6 4. g3 Bb4+ 5. Nbd2 O-O 6. Bg2 Re8 7. O-O b6 8. Qa4 Bf8 9. Ne5 Bb7 10. Rd1 c6 11. e4 Nfd7 12. exd5 exd5 13. cxd5 cxd5 14. Ndf3 f6 15. Nd3 Nc6 16. Bf4 Na5 17. Rac1 Rc8 18. Bh3 Bc6 19. Rxc6 Rxc6 20. Nb4 Rc4 21. Qxd7 Bxb4 22. Be6+ Kh8 23. Qxd5 Qxd5 24. Bxd5 Rc2 25. a3 Bf8 26. b4 Nc4 27. Bxc4 Rxc4 28. d5 Rd8 29. d6 g5 30. Be3 Rxd6 31. Rxd6 Bxd6 32. Nd4 Be5 33. Nb5 a6 34. f4 gxf4 35. gxf4 Bxf4 36. Bxf4 Rxf4 37. Nd6 Kg7 38. Kg2 Kf8 39. Kg3 Rf1 40. Ne4 Kf7 41. a4 Rb1 42. b5 axb5 43. axb5 Ke6 44. Nc3 Rb3 45. Kf4 Rxc3 46. h4 Rb3 47. Kg4 Rxb5 48. h5 Rg5+ 49. Kh4 b5 50. h6 b4 51. Kh3 b3 52. Kh2 b2 53. Kh3 b1=Q 54. Kh4 Qg6 0-1


[Site "https://www.chess.com"]

[Event "Titled Tuesday Blitz December 20 Early 2022"]
[White "Ilia_Jude"]
[Black "temiksmozg"]
[WhiteElo "2372"]
[BlackElo "2549"]
[Result "1/2-1/2"]
[Round "04"]
[TimeControl "180+2"]
[Date "2022.12.20"]
[WhiteClock "0:00:07"]
[BlackClock "0:00:01"]

1. e4 c5 2. Nf3 d6 3. Bb5+ Nd7 4. a4 a6 5. Be2 Ngf6 6. Nc3 g6 7. O-O Bg7 8. a5 O-O 9. d3 Nb8 10. e5 dxe5 11. Nxe5 Nd5 12. Nxd5 Qxd5 13. Nc4 Nd7 14. Bf3 Qd4 15. Be3 Qf6 16. Qd2 e5 17. Bd5 Qe7 18. Bg5 Bf6 19. h4 Rb8 20. Rfe1 Bxg5 21. Qxg5 Qxg5 22. hxg5 Re8 23. f4 b5 24. Nxe5 Nxe5 25. Rxe5 Rxe5 26. fxe5 Bb7 27. Bxb7 Rxb7 28. Rf1 Re7 29. Rf6 Rxe5 30. Rxa6 Re2 31. Rb6 b4 32. a6 Re1+ 33. Kf2 Ra1 34. c3 bxc3 35. bxc3 Kg7 36. Ke3 h6 37. gxh6+ Kxh6 38. d4 cxd4+ 39. cxd4 f5 40. d5 Kg5 41. d6 Kf6 42. Kd4 Ke6 43. Kc5 Rc1+ 44. Kb5 Kd7 45. a7 Rb1+ 46. Ka6 Ra1+ 47. Kb7 f4 48. Rb4 g5 49. Rb5 g4 50. Rg5 Rb1+ 51. Ka8 f3 52. gxf3 gxf3 53. Rf5 Rb3 54. Rf6 Ra3 55. Kb8 Rb3+ 56. Ka8 Ra3 57. Rf7+ Kxd6 58. Kb8 Rb3+ 59. Rb7 Rxb7+ 60. Kxb7 f2 61. a8=Q f1=Q 62. Qd8+ Ke5 63. Qc7+ Kd4 64. Qb6+ Kc3 65. Ka7 Qc4 66. Kb7 Qb4 67. Ka8 Qxb6 1/2-1/2


[Site "https://www.chess.com"]